Tamiflu vs Wolves
Created - 27 novembre 2012 at 22:07
Goals
|
| Tamiflu |
1 |
2 |
1 |
4 |
| Wolves |
2 |
2 |
2 |
6 |
|
Shots
|
| Tamiflu |
8 |
18 |
13 |
39 |
| Wolves |
15 |
14 |
8 |
37 |
|
1st period
1. Tamiflu , Pavel Trnka 4 (Radek Bonk, Alex Picard) at 7:09
2. Wolves , Alexander Perezhogin 7 (Cody McLeod, Chris Neil) at 9:21
3. Wolves , Alexander Perezhogin 8 (Philippe Boucher, Mike Zigomanis) at 17:26
Penalties :
Mike Brown (Det) for Slashing (Minor) at 18:15
2nd period
4. Wolves , Alexander Perezhogin 9 (Philippe Boucher, Geoff Sanderson) at 0:06 (PP)
5. Tamiflu , Nate Thompson 8 (David Clarkson) at 8:22
6. Wolves , Ethan Moreau 1 (Milan Bartovic, Matt Gilroy) at 14:49
7. Tamiflu , Tyler Haskins 1 (David Clarkson, Jan Mursak) at 18:19
Penalties :
Mike Brown (Det) for Hooking (Minor) at 6:10
3rd period
8. Tamiflu , Nathan Oystrick 1 (Jani Rita, Nate Thompson) at 3:26 (PP)
9. Wolves , Mike Zigomanis 4 (Alexander Perezhogin, Geoff Sanderson) at 3:59 (PP)
10. Wolves , Mike Zigomanis 5 (Geoff Sanderson, Philippe Boucher) at 14:02 (PP)
Penalties :
Nate Guenin (Min) for Roughing (Minor) at 2:51, Pavel Trnka (Det) for Roughing (Minor) at 3:49, Justin Braun (Det) for Holding (Minor) at 12:57, Alexander Perezhogin (Min) for Holding (Minor) at 14:13
Goalie Stats
Jussi Markkanen (Det), 31 saves from 37 shots - (0,838), L, 0-2-1, 60:00 minutes
Julien Ellis (Min), 35 saves from 39 shots - (0,897), W, 3-1-1, 60:00 minutes
Players Stats for Tamiflu
Player Name G A P +/- PIM S H SB GA TA FO MP PP MP PK MP
------------------------------------------------------------------------------------
Alex Picard 0 1 1 1 0 3 0 1 0 0 1/2 21:28 1:19 3:25
David Clarkson 0 2 2 0 0 5 1 0 1 0 0/0 11:25 0:00 1:02
Greg Mauldin 0 0 0 0 0 2 2 0 2 1 4/5 11:17 0:06 0:03
Jan Mursak 0 1 1 -1 0 0 2 0 0 0 0/0 10:06 0:00 0:00
Jani Rita 0 1 1 -1 0 3 6 0 2 0 0/0 15:51 1:09 0:28
Jonathan Sigalet 0 0 0 0 0 0 1 2 0 1 0/0 26:46 1:39 2:09
Jordan Hendry 0 0 0 -2 0 1 0 3 0 0 0/0 20:31 0:55 2:43
Justin Braun 0 0 0 2 2 0 0 0 0 0 0/0 12:30 0:00 0:01
Kyle Lawson 0 0 0 1 0 1 2 0 0 0 0/0 13:12 0:00 0:55
Mike Brown 0 0 0 2 4 3 1 0 0 0 1/2 18:14 1:19 0:00
Nate Thompson 1 1 2 0 0 3 2 0 1 0 2/8 16:34 1:09 1:02
Nathan Oystrick 1 0 1 -2 0 3 2 1 0 1 0/0 20:31 0:55 2:43
Nick Spaling 0 0 0 0 0 1 0 0 0 0 0/0 10:42 0:00 0:00
Pavel Trnka 1 0 1 1 2 4 1 1 1 1 0/0 26:28 1:39 1:39
Petr Pohl 0 0 0 -1 0 2 0 0 0 0 0/0 15:19 1:09 0:00
Pierre Dagenais 0 0 0 0 0 4 2 0 3 0 1/1 11:52 0:06 0:42
Radek Bonk 0 1 1 1 0 3 1 4 0 0 19/37 21:37 1:25 3:28
Tyler Haskins 1 0 1 -1 0 1 1 0 0 0 0/4 10:28 0:00 0:00
Players Stats for Wolves
Player Name G A P +/- PIM S H SB GA TA FO MP PP MP PK MP
------------------------------------------------------------------------------------
Alexander Perezhogin 3 1 4 1 2 10 1 1 1 0 0/3 21:06 3:15 0:00
Bruno Gervais 0 0 0 0 0 1 1 0 0 3 0/0 18:01 1:45 0:48
Chris Neil 0 1 1 0 0 3 2 0 2 0 3/3 17:30 1:50 1:33
Cody McLeod 0 1 1 0 0 1 3 0 1 0 0/0 16:12 1:50 0:49
Dan Fritsche 0 0 0 0 0 0 2 0 0 0 1/6 15:38 1:50 0:46
Ethan Moreau 1 0 1 0 0 2 0 0 0 0 0/0 14:18 0:00 1:33
Geoff Sanderson 0 3 3 1 0 4 2 2 0 0 3/4 20:34 3:15 0:12
Jason King 0 0 0 -1 0 0 3 0 0 0 0/0 9:31 0:00 0:00
Kevin Veilleux 0 0 0 0 0 0 0 0 0 1 7/8 12:56 0:00 0:00
Marc Methot 0 0 0 -1 0 0 4 2 0 1 0/0 25:33 3:20 1:11
Matt Gilroy 0 1 1 0 0 1 2 0 0 1 0/0 19:45 0:32 1:48
Mike Sislo 0 0 0 -1 0 1 2 0 0 0 0/0 8:56 0:00 0:00
Mike Zigomanis 2 1 3 1 0 5 1 0 0 0 14/30 21:16 3:15 0:06
Milan Bartovic 0 1 1 0 0 1 2 1 0 0 0/0 12:53 0:00 0:09
Nate Guenin 0 0 0 1 2 1 1 5 0 3 0/0 22:01 1:45 1:21
Petr Kalus 0 0 0 -1 0 0 1 0 0 0 3/5 9:00 0:00 0:00
Philippe Boucher 0 3 3 0 0 6 3 2 0 0 0/0 27:59 2:48 0:00
Willie Mitchell 0 0 0 0 0 1 0 0 0 1 0/0 4:15 0:00 0:00
3 Stars
1 - Alexander Perezhogin (Min)
2 - Mike Zigomanis (Min)
3 - Geoff Sanderson (Min)
Power Play
Tamiflu - 1 on 2 Attempt(s) - 50,00%
Wolves - 3 on 4 Attempt(s) - 75,00%
Penalty Kill
Tamiflu - 1 on 4 Attempt(s) - 25,00%
- Score 0 goal in Penalty Kill
Wolves - 1 on 2 Attempt(s) - 50,00%
- Score 0 goal in Penalty Kill
Official
Referees : Banfield David and Pollock Kevin
Linesman : Shane Heyer and Steve Miller
Game Notes
Willie Mitchell is injured at 13:10 of 1st period (Right Knee)
Alexander Perezhogin has scored a Hat Trick!
Tamiflu
5 vs 5 Forward
Center Left Wing Right Wing Time % Phy DF OF
1 Radek Bonk Alex Picard Mike Brown 40 1 2 2
2 Nate Thompson Jani Rita Petr Pohl 30 1 2 2
3 Greg Mauldin Nick Spaling Pierre Dagenais 20 1 2 2
4 Tyler Haskins Jan Mursak David Clarkson 10 1 2 2
5 vs 5 Defense
Defense Defense Time % Phy DF OF
1 Jonathan Sigalet Pavel Trnka 40 1 2 2
2 Nathan Oystrick Jordan Hendry 30 1 2 2
3 Justin Braun Kyle Lawson 20 1 2 2
4 Jonathan Sigalet Pavel Trnka 10 1 2 2
PowerPlay Forward
Center Left Wing Right Wing Time % Phy DF OF
1 Radek Bonk Alex Picard Mike Brown 60 1 2 2
2 Nate Thompson Jani Rita Petr Pohl 40 1 2 2
PowerPlay Defense
Defense Defense Time % Phy DF OF
1 Jonathan Sigalet Pavel Trnka 60 1 2 2
2 Nathan Oystrick Jordan Hendry 40 1 2 2
Penalty Kill 4 Players Forward
Center Wing Time % Phy DF OF
1 Radek Bonk Alex Picard 60 1 2 2
2 Nate Thompson David Clarkson 40 1 2 2
Penalty Kill 4 Players Defense
Defense Defense Time % Phy DF OF
1 Jonathan Sigalet Pavel Trnka 60 1 2 2
2 Nathan Oystrick Jordan Hendry 40 1 2 2
Penalty Kill - 3 Players Forward
Forward Time % Phy DF OF
1 Radek Bonk 60 1 2 2
2 Nate Thompson 40 1 2 2
Penalty Kill - 3 Players Defense
Defense Defense Time % Phy DF OF
1 Jonathan Sigalet Pavel Trnka 60 1 2 2
2 Nathan Oystrick Jordan Hendry 40 1 2 2
4 vs 4 Forward
Center Wing Time % Phy DF OF
1 Radek Bonk Alex Picard 60 1 2 2
2 Nate Thompson Mike Brown 40 1 2 2
4 vs 4 Defense
Defense Defense Time % Phy DF OF
1 Jonathan Sigalet Pavel Trnka 60 1 2 2
2 Nathan Oystrick Jordan Hendry 40 1 2 2
Last Minutes Offensive
Center Left Wing Right Wing Defense Defense
Radek Bonk Alex Picard Mike Brown Jonathan Sigalet Pavel Trnka
Last Minutes Defensive
Center Left Wing Right Wing Defense Defense
Radek Bonk Alex Picard David Clarkson Jonathan Sigalet Pavel Trnka
Goaltenders
Starting : Jussi Markkanen
Backup : Joe Fallon
Extra Forwards
Normal : Greg Mauldin, Tyler Haskins, Pierre Dagenais - PP : Pierre Dagenais, Greg Mauldin - PK : Pierre Dagenais
Extra Defensemen
Normal : Kyle Lawson, Justin Braun, Jordan Hendry - PP : Kyle Lawson - PK : Kyle Lawson, Justin Braun
Penalty Shots
Radek Bonk, Pierre Dagenais, Alex Picard, Jani Rita, Greg Mauldin
Wolves
5 vs 5 Forward
Center Left Wing Right Wing Time % Phy DF OF
1 Mike Zigomanis Geoff Sanderson Alexander Perezhogin 40 0 1 4
2 Kevin Veilleux Cody McLeod Chris Neil 30 1 1 3
3 Dan Fritsche Ethan Moreau Milan Bartovic 20 1 3 1
4 Petr Kalus Mike Sislo Jason King 10 2 2 1
5 vs 5 Defense
Defense Defense Time % Phy DF OF
1 Philippe Boucher Marc Methot 40 1 3 1
2 Matt Gilroy Nate Guenin 30 1 3 1
3 Bruno Gervais Willie Mitchell 20 1 3 1
4 Philippe Boucher Nate Guenin 10 1 3 1
PowerPlay Forward
Center Left Wing Right Wing Time % Phy DF OF
1 Mike Zigomanis Geoff Sanderson Alexander Perezhogin 60 0 0 5
2 Dan Fritsche Cody McLeod Chris Neil 40 0 0 5
PowerPlay Defense
Defense Defense Time % Phy DF OF
1 Philippe Boucher Marc Methot 60 0 1 4
2 Nate Guenin Bruno Gervais 40 0 1 4
Penalty Kill 4 Players Forward
Center Wing Time % Phy DF OF
1 Chris Neil Ethan Moreau 60 2 2 1
2 Milan Bartovic Cody McLeod 40 2 2 1
Penalty Kill 4 Players Defense
Defense Defense Time % Phy DF OF
1 Willie Mitchell Matt Gilroy 60 2 3 0
2 Nate Guenin Bruno Gervais 40 2 3 0
Penalty Kill - 3 Players Forward
Forward Time % Phy DF OF
1 Ethan Moreau 60 2 3 0
2 Chris Neil 40 2 3 0
Penalty Kill - 3 Players Defense
Defense Defense Time % Phy DF OF
1 Willie Mitchell Matt Gilroy 60 3 2 0
2 Nate Guenin Bruno Gervais 40 3 2 0
4 vs 4 Forward
Center Wing Time % Phy DF OF
1 Mike Zigomanis Alexander Perezhogin 60 1 1 3
2 Geoff Sanderson Chris Neil 40 1 1 3
4 vs 4 Defense
Defense Defense Time % Phy DF OF
1 Philippe Boucher Bruno Gervais 60 1 3 1
2 Willie Mitchell Nate Guenin 40 1 3 1
Last Minutes Offensive
Center Left Wing Right Wing Defense Defense
Mike Zigomanis Geoff Sanderson Alexander Perezhogin Philippe Boucher Bruno Gervais
Last Minutes Defensive
Center Left Wing Right Wing Defense Defense
Dan Fritsche Ethan Moreau Chris Neil Willie Mitchell Nate Guenin
Goaltenders
Starting : Julien Ellis
Backup : Loïc Lacasse
Extra Forwards
Normal : Alexander Perezhogin, Mike Zigomanis, Chris Neil - PP : Alexander Perezhogin, Mike Zigomanis - PK : Ethan Moreau
Extra Defensemen
Normal : Philippe Boucher, Willie Mitchell, Bruno Gervais - PP : Philippe Boucher - PK : Willie Mitchell, Nate Guenin
Penalty Shots
Alexander Perezhogin, Chris Neil, Geoff Sanderson, Cody McLeod, Dan Fritsche
% Time on Ice - Tamiflu
Lines # - Real PCT - Wanted PCT - Time Play
Normal Forward
1 - 33% - 40% - 17:10
2 - 27% - 30% - 14:23
3 - 20% - 20% - 10:42
4 - 19% - 10% - 10:06
Normal Defense
1 - 37% - 40% - 19:25
2 - 32% - 30% - 16:53
3 - 23% - 20% - 12:17
4 - 7% - 10% - 3:46
PP Forward
1 - 55% - 60% - 1:25
2 - 45% - 40% - 1:09
PP Defense
1 - 64% - 60% - 1:39
2 - 36% - 40% - 0:55
PK Forward
1 - 80% - 60% - 4:03
2 - 20% - 40% - 1:02
PK Defense
1 - 47% - 60% - 2:22
2 - 53% - 40% - 2:43
PK3 Forward
1 - 0% - 60%
2 - 0% - 40%
PK3 Defense
1 - 0% - 60%
2 - 0% - 40%
44 Forward
1 - 0% - 60%
2 - 0% - 40%
44 Defense
1 - 0% - 60%
2 - 0% - 40%
Last Minute Offensive - 0:00
Last Minute Defensive - 0:00
Total
Forward - 60:00
Defense - 60:00
|
% Time on Ice - Wolves
Lines # - Real PCT - Wanted PCT - Time Play
Normal Forward
1 - 34% - 40% - 17:45
2 - 25% - 30% - 12:56
3 - 24% - 20% - 12:44
4 - 17% - 10% - 8:56
Normal Defense
1 - 31% - 40% - 16:05
2 - 27% - 30% - 14:00
3 - 33% - 20% - 17:29
4 - 9% - 10% - 4:47
PP Forward
1 - 64% - 60% - 3:15
2 - 36% - 40% - 1:50
PP Defense
1 - 66% - 60% - 3:20
2 - 34% - 40% - 1:45
PK Forward
1 - 94% - 60% - 2:25
2 - 6% - 40% - 0:09
PK Defense
1 - 94% - 60% - 2:24
2 - 6% - 40% - 0:10
PK3 Forward
1 - 0% - 60%
2 - 0% - 40%
PK3 Defense
1 - 0% - 60%
2 - 0% - 40%
44 Forward
1 - 0% - 60%
2 - 0% - 40%
44 Defense
1 - 0% - 60%
2 - 0% - 40%
Last Minute Offensive - 0:00
Last Minute Defensive - 0:00
Total
Forward - 60:00
Defense - 60:00
|
Play by Play
1st period
0:01 of 1st period - Alex Picard wins face-off versus Alexander Perezhogin in neutral zone.
0:06 of 1st period - Snap shot by Radek Bonk.
0:06 of 1st period - Shot Blocked by Alexander Perezhogin.
0:51 of 1st period - Wrist shot by Ethan Moreau.
0:51 of 1st period - Shot Blocked by Jordan Hendry.
1:28 of 1st period - Off-side.
1:29 of 1st period - Mike Zigomanis wins face-off versus Radek Bonk in neutral zone.
1:34 of 1st period - Wrist shot by Alexander Perezhogin.
1:34 of 1st period - Stopped by Jussi Markkanen with a rebound.
1:36 of 1st period - Wrist shot by Geoff Sanderson.
1:36 of 1st period - Shot Misses the Net.
1:38 of 1st period - Wrist shot by Geoff Sanderson.
1:38 of 1st period - Stopped by Jussi Markkanen with a rebound.
1:40 of 1st period - Slapshot by Philippe Boucher.
1:40 of 1st period - Shot Misses the Net.
1:42 of 1st period - Slapshot by Mike Zigomanis.
1:42 of 1st period - Shot Misses the Net.
1:44 of 1st period - Snap shot by Geoff Sanderson.
1:44 of 1st period - Shot Misses the Net.
1:54 of 1st period - Kevin Veilleux is hit by Jani Rita.
2:26 of 1st period - Wrist shot by Jason King.
2:26 of 1st period - Shot Misses the Net.
2:44 of 1st period - Snap shot by Ethan Moreau.
2:44 of 1st period - Shot Misses the Net.
3:06 of 1st period - Wrist shot by Geoff Sanderson.
3:06 of 1st period - Shot Misses the Net.
3:32 of 1st period - Wrist shot by Petr Pohl.
3:32 of 1st period - Stopped by Julien Ellis with a rebound.
4:04 of 1st period - Wrist shot by Alexander Perezhogin.
4:04 of 1st period - Shot Misses the Net.
4:06 of 1st period - Snap shot by Mike Zigomanis.
4:06 of 1st period - Shot Misses the Net.
4:08 of 1st period - Snap shot by Willie Mitchell.
4:08 of 1st period - Stopped by Jussi Markkanen without a rebound.
4:09 of 1st period - Radek Bonk wins face-off versus Mike Zigomanis in Tamiflu zone.
5:23 of 1st period - Jan Mursak is hit by Jason King.
6:19 of 1st period - Slapshot by Mike Brown.
6:19 of 1st period - Shot Misses the Net.
6:57 of 1st period - Snap shot by Alex Picard.
6:57 of 1st period - Shot Blocked by Philippe Boucher.
6:59 of 1st period - Snap shot by Pavel Trnka.
6:59 of 1st period - Stopped by Julien Ellis with a rebound.
7:01 of 1st period - Wrist shot by Radek Bonk.
7:01 of 1st period - Shot Blocked by Milan Bartovic.
7:03 of 1st period - Slapshot by Pavel Trnka.
7:03 of 1st period - Shot Blocked by Marc Methot.
7:05 of 1st period - Slapshot by Pavel Trnka.
7:05 of 1st period - Shot Hit the Post.
7:07 of 1st period - Snap shot by Radek Bonk.
7:07 of 1st period - Shot Misses the Net.
7:09 of 1st period - Slapshot by Pavel Trnka.
7:09 of 1st period - Goal by Pavel Trnka - Tamiflu : 1 - Wolves : 0.
7:10 of 1st period - Mike Zigomanis wins face-off versus Nate Thompson in neutral zone.
9:21 of 1st period - Slapshot by Alexander Perezhogin.
9:21 of 1st period - Goal by Alexander Perezhogin - Tamiflu : 1 - Wolves : 1.
9:22 of 1st period - Mike Zigomanis wins face-off versus Radek Bonk in neutral zone.
10:12 of 1st period - Off-side.
10:13 of 1st period - Greg Mauldin wins face-off versus Dan Fritsche in neutral zone.
10:38 of 1st period - Icing by Radek Bonk.
10:39 of 1st period - Geoff Sanderson wins face-off versus Radek Bonk in Tamiflu zone.
10:40 of 1st period - Wrist shot by Alexander Perezhogin.
10:40 of 1st period - Stopped by Jussi Markkanen with a rebound.
10:42 of 1st period - Slapshot by Philippe Boucher.
10:42 of 1st period - Stopped by Jussi Markkanen with a rebound.
11:10 of 1st period - Nate Thompson is hit by Marc Methot and loses puck.
11:35 of 1st period - Slapshot by Philippe Boucher.
11:35 of 1st period - Stopped by Jussi Markkanen with a rebound.
11:42 of 1st period - Icing by Pavel Trnka.
11:43 of 1st period - Greg Mauldin wins face-off versus Petr Kalus in Tamiflu zone.
12:49 of 1st period - Snap shot by Tyler Haskins.
12:49 of 1st period - Shot Misses the Net.
13:09 of 1st period - Willie Mitchell is hit by Mike Brown and loses puck.
13:10 of 1st period - Willie Mitchell from Wolves is injured at 13:10 of 1st period (Right Knee).
13:11 of 1st period - Mike Brown wins face-off versus Mike Zigomanis in Wolves zone.
13:25 of 1st period - Snap shot by Mike Brown.
13:25 of 1st period - Shot Misses the Net.
13:27 of 1st period - Wrist shot by Radek Bonk.
13:27 of 1st period - Deflect By Mike Zigomanis.
13:27 of 1st period - Shot Blocked by Geoff Sanderson.
13:27 of 1st period - Puck is out of play.
13:28 of 1st period - Kevin Veilleux wins face-off versus Nate Thompson in Wolves zone.
13:39 of 1st period - Jani Rita is hit by Chris Neil and loses puck.
14:14 of 1st period - Wrist shot by Cody McLeod.
14:14 of 1st period - Deflect By Chris Neil.
14:14 of 1st period - Shot Misses the Net.
14:14 of 1st period - Puck is out of play.
14:15 of 1st period - Radek Bonk wins face-off versus Geoff Sanderson in Tamiflu zone.
14:26 of 1st period - Snap shot by Radek Bonk.
14:26 of 1st period - Shot Misses the Net.
14:28 of 1st period - Wrist shot by Alex Picard.
14:28 of 1st period - Stopped by Julien Ellis with a rebound.
14:40 of 1st period - Wrist shot by David Clarkson.
14:40 of 1st period - Stopped by Julien Ellis with a rebound.
14:42 of 1st period - Snap shot by Jordan Hendry.
14:42 of 1st period - Stopped by Julien Ellis with a rebound.
14:44 of 1st period - Slapshot by Nathan Oystrick.
14:44 of 1st period - Stopped by Julien Ellis without a rebound.
14:45 of 1st period - Petr Kalus wins face-off versus Tyler Haskins in Wolves zone.
14:54 of 1st period - David Clarkson is hit by Philippe Boucher and loses puck.
15:01 of 1st period - Jordan Hendry is hit by Jason King and loses puck.
15:22 of 1st period - Wrist shot by Chris Neil.
15:22 of 1st period - Stopped by Jussi Markkanen without a rebound.
15:23 of 1st period - Nate Thompson wins face-off versus Mike Zigomanis in Tamiflu zone.
15:23 of 1st period - Nate Thompson is hit by Matt Gilroy.
15:37 of 1st period - Slapshot by Jani Rita.
15:37 of 1st period - Shot Misses the Net.
16:06 of 1st period - Icing by Philippe Boucher.
16:07 of 1st period - Greg Mauldin wins face-off versus Dan Fritsche in Wolves zone.
16:08 of 1st period - Wrist shot by Pierre Dagenais.
16:08 of 1st period - Shot Misses the Net.
16:10 of 1st period - Wrist shot by Greg Mauldin.
16:10 of 1st period - Stopped by Julien Ellis without a rebound.
16:11 of 1st period - Dan Fritsche wins face-off versus Greg Mauldin in Wolves zone.
16:26 of 1st period - Snap shot by Ethan Moreau.
16:26 of 1st period - Shot Misses the Net.
16:56 of 1st period - Philippe Boucher is hit by Jan Mursak and loses puck.
17:03 of 1st period - Pavel Trnka is hit by Philippe Boucher and loses puck.
17:16 of 1st period - Snap shot by Alexander Perezhogin.
17:16 of 1st period - Deflect By Mike Zigomanis.
17:16 of 1st period - Stopped by Jussi Markkanen with a rebound.
17:18 of 1st period - Slapshot by Philippe Boucher.
17:18 of 1st period - Stopped by Jussi Markkanen with a rebound.
17:20 of 1st period - Slapshot by Philippe Boucher.
17:20 of 1st period - Shot Blocked by Jonathan Sigalet.
17:22 of 1st period - Slapshot by Alexander Perezhogin.
17:22 of 1st period - Shot Misses the Net.
17:24 of 1st period - Wrist shot by Alexander Perezhogin.
17:24 of 1st period - Stopped by Jussi Markkanen with a rebound.
17:26 of 1st period - Wrist shot by Philippe Boucher.
17:26 of 1st period - Deflect By Alexander Perezhogin.
17:26 of 1st period - Goal by Alexander Perezhogin - Tamiflu : 1 - Wolves : 2.
17:27 of 1st period - Kevin Veilleux wins face-off versus Nate Thompson in neutral zone.
17:40 of 1st period - Snap shot by Cody McLeod.
17:40 of 1st period - Shot Blocked by Jonathan Sigalet.
18:15 of 1st period - Minor Penalty to Mike Brown for Slashing.
18:16 of 1st period - Mike Zigomanis wins face-off versus Radek Bonk in Tamiflu zone.
18:23 of 1st period - Snap shot by Geoff Sanderson.
18:23 of 1st period - Deflect By Alexander Perezhogin.
18:23 of 1st period - Shot Misses the Net.
18:23 of 1st period - Puck is out of play.
18:24 of 1st period - Geoff Sanderson wins face-off versus Radek Bonk in Tamiflu zone.
18:25 of 1st period - Snap shot by Mike Zigomanis.
18:25 of 1st period - Stopped by Jussi Markkanen without a rebound.
18:26 of 1st period - Radek Bonk wins face-off versus Mike Zigomanis in Tamiflu zone.
18:41 of 1st period - Wrist shot by Alexander Perezhogin.
18:41 of 1st period - Shot Misses the Net.
18:43 of 1st period - Slapshot by Philippe Boucher.
18:43 of 1st period - Stopped by Jussi Markkanen with a rebound.
18:45 of 1st period - Slapshot by Marc Methot.
18:45 of 1st period - Shot Misses the Net.
18:47 of 1st period - Slapshot by Mike Zigomanis.
18:47 of 1st period - Stopped by Jussi Markkanen without a rebound.
18:48 of 1st period - Radek Bonk wins face-off versus Dan Fritsche in Tamiflu zone.
18:57 of 1st period - Chris Neil is hit by Radek Bonk and loses puck.
2nd period
0:01 of 2nd period - Geoff Sanderson wins face-off versus Radek Bonk in neutral zone.
0:06 of 2nd period - Slapshot by Alexander Perezhogin.
0:06 of 2nd period - Goal by Alexander Perezhogin - Tamiflu : 1 - Wolves : 3.
0:07 of 2nd period - Radek Bonk wins face-off versus Mike Zigomanis in neutral zone.
0:16 of 2nd period - Radek Bonk is hit by Geoff Sanderson and loses puck.
0:40 of 2nd period - Jani Rita is hit by Nate Guenin and loses puck.
0:55 of 2nd period - Slapshot by Pavel Trnka.
0:55 of 2nd period - Shot Misses the Net.
2:04 of 2nd period - Petr Pohl is hit by Cody McLeod and loses puck.
2:19 of 2nd period - Kyle Lawson is hit by Milan Bartovic and loses puck.
2:41 of 2nd period - Pavel Trnka is hit by Matt Gilroy and loses puck.
2:48 of 2nd period - Matt Gilroy is hit by Jani Rita and loses puck.
3:18 of 2nd period - Nate Guenin is hit by Jani Rita and loses puck.
3:27 of 2nd period - Wrist shot by Nate Thompson.
3:27 of 2nd period - Deflect By Jani Rita.
3:27 of 2nd period - Shot Blocked by Nate Guenin.
3:27 of 2nd period - Puck is out of play.
3:28 of 2nd period - Mike Zigomanis wins face-off versus Radek Bonk in Wolves zone.
3:32 of 2nd period - Icing by Geoff Sanderson.
3:33 of 2nd period - Radek Bonk wins face-off versus Mike Zigomanis in Wolves zone.
3:34 of 2nd period - Snap shot by Mike Brown.
3:34 of 2nd period - Stopped by Julien Ellis with a rebound.
3:36 of 2nd period - Wrist shot by Mike Brown.
3:36 of 2nd period - Shot Misses the Net.
3:38 of 2nd period - Slapshot by Alex Picard.
3:38 of 2nd period - Deflect By Radek Bonk.
3:38 of 2nd period - Shot Blocked by Philippe Boucher.
3:38 of 2nd period - Puck is out of play.
3:39 of 2nd period - Mike Zigomanis wins face-off versus Radek Bonk in Wolves zone.
4:06 of 2nd period - Alex Picard is hit by Marc Methot and loses puck.
5:16 of 2nd period - Greg Mauldin is hit by Geoff Sanderson and loses puck.
6:01 of 2nd period - Slapshot by Philippe Boucher.
6:01 of 2nd period - Stopped by Jussi Markkanen with a rebound.
6:10 of 2nd period - Minor Penalty to Mike Brown for Hooking.
6:11 of 2nd period - Mike Zigomanis wins face-off versus Alex Picard in Tamiflu zone.
7:04 of 2nd period - Nathan Oystrick is hit by Cody McLeod and loses puck.
8:07 of 2nd period - Alexander Perezhogin is hit by Nathan Oystrick and loses puck.
8:10 of 2nd period - Penalty to Mike Brown is over, Mike Brown is back on ice.
8:18 of 2nd period - Wrist shot by Nate Thompson.
8:18 of 2nd period - Stopped by Julien Ellis with a rebound.
8:20 of 2nd period - Wrist shot by Nate Thompson.
8:20 of 2nd period - Shot Misses the Net.
8:22 of 2nd period - Snap shot by Nate Thompson.
8:22 of 2nd period - Goal by Nate Thompson - Tamiflu : 2 - Wolves : 3.
8:23 of 2nd period - Kevin Veilleux wins face-off versus Radek Bonk in neutral zone.
8:30 of 2nd period - Snap shot by Chris Neil.
8:30 of 2nd period - Shot Misses the Net.
8:32 of 2nd period - Backhand shot by Philippe Boucher.
8:32 of 2nd period - Shot Blocked by Radek Bonk.
8:34 of 2nd period - Slapshot by Philippe Boucher.
8:34 of 2nd period - Shot Blocked by Radek Bonk.
8:36 of 2nd period - Snap shot by Philippe Boucher.
8:36 of 2nd period - Shot Blocked by Radek Bonk.
8:38 of 2nd period - Slapshot by Chris Neil.
8:38 of 2nd period - Shot Blocked by Alex Picard.
8:50 of 2nd period - Philippe Boucher is hit by Nate Thompson and loses puck.
9:06 of 2nd period - Off-side.
9:07 of 2nd period - Greg Mauldin wins face-off versus Petr Kalus in neutral zone.
9:10 of 2nd period - Snap shot by Greg Mauldin.
9:10 of 2nd period - Stopped by Julien Ellis with a rebound.
9:12 of 2nd period - Snap shot by Pierre Dagenais.
9:12 of 2nd period - Stopped by Julien Ellis without a rebound.
9:13 of 2nd period - Radek Bonk wins face-off versus Mike Zigomanis in Wolves zone.
9:29 of 2nd period - Slapshot by Nathan Oystrick.
9:29 of 2nd period - Stopped by Julien Ellis without a rebound.
9:30 of 2nd period - Kevin Veilleux wins face-off versus Nate Thompson in Wolves zone.
9:39 of 2nd period - Snap shot by Jani Rita.
9:39 of 2nd period - Stopped by Julien Ellis with a rebound.
10:02 of 2nd period - Jonathan Sigalet is hit by Dan Fritsche and loses puck.
10:09 of 2nd period - Ethan Moreau is hit by Jonathan Sigalet and loses puck.
10:27 of 2nd period - Wrist shot by Petr Pohl.
10:27 of 2nd period - Stopped by Julien Ellis without a rebound.
10:28 of 2nd period - Radek Bonk wins face-off versus Mike Zigomanis in Wolves zone.
10:35 of 2nd period - Wrist shot by Mike Brown.
10:35 of 2nd period - Stopped by Julien Ellis with a rebound.
10:37 of 2nd period - Snap shot by Radek Bonk.
10:37 of 2nd period - Stopped by Julien Ellis with a rebound.
10:39 of 2nd period - Slapshot by Jordan Hendry.
10:39 of 2nd period - Shot Misses the Net.
10:53 of 2nd period - Alexander Perezhogin is hit by David Clarkson and loses puck.
11:08 of 2nd period - Snap shot by Geoff Sanderson.
11:08 of 2nd period - Stopped by Jussi Markkanen with a rebound.
11:46 of 2nd period - Slapshot by David Clarkson.
11:46 of 2nd period - Stopped by Julien Ellis with a rebound.
11:48 of 2nd period - Wrist shot by Tyler Haskins.
11:48 of 2nd period - Shot Blocked by Nate Guenin.
11:50 of 2nd period - Snap shot by David Clarkson.
11:50 of 2nd period - Stopped by Julien Ellis without a rebound.
11:51 of 2nd period - Kevin Veilleux wins face-off versus Radek Bonk in Wolves zone.
12:00 of 2nd period - Snap shot by Alex Picard.
12:00 of 2nd period - Stopped by Julien Ellis with a rebound.
12:06 of 2nd period - Slapshot by Philippe Boucher.
12:06 of 2nd period - Stopped by Jussi Markkanen with a rebound.
12:21 of 2nd period - Wrist shot by Jani Rita.
12:21 of 2nd period - Stopped by Julien Ellis with a rebound.
12:27 of 2nd period - Dan Fritsche is hit by Jani Rita and loses puck.
12:42 of 2nd period - Slapshot by Chris Neil.
12:42 of 2nd period - Stopped by Jussi Markkanen with a rebound.
12:50 of 2nd period - Snap shot by Nate Thompson.
12:50 of 2nd period - Shot Misses the Net.
12:52 of 2nd period - Backhand shot by Kyle Lawson.
12:52 of 2nd period - Stopped by Julien Ellis without a rebound.
12:53 of 2nd period - Radek Bonk wins face-off versus Kevin Veilleux in Wolves zone.
13:34 of 2nd period - Wrist shot by Chris Neil.
13:34 of 2nd period - Shot Blocked by Nathan Oystrick.
13:36 of 2nd period - Slapshot by Chris Neil.
13:36 of 2nd period - Shot Misses the Net.
13:38 of 2nd period - Wrist shot by Philippe Boucher.
13:38 of 2nd period - Shot Blocked by Jordan Hendry.
13:40 of 2nd period - Backhand shot by Bruno Gervais.
13:40 of 2nd period - Stopped by Jussi Markkanen without a rebound.
13:41 of 2nd period - Mike Zigomanis wins face-off versus Tyler Haskins in Tamiflu zone.
13:42 of 2nd period - Slapshot by Alexander Perezhogin.
13:42 of 2nd period - Stopped by Jussi Markkanen with a rebound.
13:44 of 2nd period - Slapshot by Nate Guenin.
13:44 of 2nd period - Deflect By Mike Zigomanis.
13:44 of 2nd period - Shot Blocked by Pavel Trnka.
13:44 of 2nd period - Puck is out of play.
13:45 of 2nd period - Radek Bonk wins face-off versus Alexander Perezhogin in Tamiflu zone.
13:54 of 2nd period - Snap shot by Alexander Perezhogin.
13:54 of 2nd period - Stopped by Jussi Markkanen with a rebound.
13:56 of 2nd period - Wrist shot by Nate Guenin.
13:56 of 2nd period - Shot Misses the Net.
14:12 of 2nd period - Ethan Moreau is hit by Jani Rita and loses puck.
14:17 of 2nd period - Snap shot by Jani Rita.
14:17 of 2nd period - Shot Misses the Net.
14:19 of 2nd period - Slapshot by Petr Pohl.
14:19 of 2nd period - Shot Misses the Net.
14:21 of 2nd period - Wrist shot by Nate Thompson.
14:21 of 2nd period - Shot Misses the Net.
14:31 of 2nd period - Matt Gilroy is hit by Jan Mursak and loses puck.
14:38 of 2nd period - David Clarkson is hit by Milan Bartovic and loses puck.
14:49 of 2nd period - Wrist shot by Ethan Moreau.
14:49 of 2nd period - Goal by Ethan Moreau - Tamiflu : 2 - Wolves : 4.
14:50 of 2nd period - Radek Bonk wins face-off versus Mike Zigomanis in neutral zone.
15:02 of 2nd period - Slapshot by Alexander Perezhogin.
15:02 of 2nd period - Stopped by Jussi Markkanen without a rebound.
15:03 of 2nd period - Radek Bonk wins face-off versus Mike Zigomanis in Tamiflu zone.
15:28 of 2nd period - Mike Zigomanis is hit by Pierre Dagenais and loses puck.
15:41 of 2nd period - Snap shot by Pierre Dagenais.
15:41 of 2nd period - Shot Misses the Net.
16:01 of 2nd period - Jordan Hendry is hit by Chris Neil and loses puck.
16:16 of 2nd period - Slapshot by Nate Guenin.
16:16 of 2nd period - Stopped by Jussi Markkanen without a rebound.
16:17 of 2nd period - Petr Kalus wins face-off versus Radek Bonk in Tamiflu zone.
16:18 of 2nd period - Snap shot by Jason King.
16:18 of 2nd period - Shot Misses the Net.
16:50 of 2nd period - Backhand shot by Cody McLeod.
16:50 of 2nd period - Stopped by Jussi Markkanen with a rebound.
17:04 of 2nd period - Slapshot by Alexander Perezhogin.
17:04 of 2nd period - Stopped by Jussi Markkanen without a rebound.
17:05 of 2nd period - Radek Bonk wins face-off versus Alexander Perezhogin in Tamiflu zone.
17:12 of 2nd period - Wrist shot by Radek Bonk.
17:12 of 2nd period - Shot Misses the Net.
18:11 of 2nd period - Snap shot by Tyler Haskins.
18:11 of 2nd period - Shot Misses the Net.
18:13 of 2nd period - Wrist shot by Jan Mursak.
18:13 of 2nd period - Shot Blocked by Nate Guenin.
18:15 of 2nd period - Snap shot by David Clarkson.
18:15 of 2nd period - Stopped by Julien Ellis with a rebound.
18:19 of 2nd period - Wrist shot by Tyler Haskins.
18:19 of 2nd period - Goal by Tyler Haskins - Tamiflu : 3 - Wolves : 4.
18:20 of 2nd period - Radek Bonk wins face-off versus Mike Zigomanis in neutral zone.
18:32 of 2nd period - Slapshot by Philippe Boucher.
18:32 of 2nd period - Shot Blocked by Radek Bonk.
19:08 of 2nd period - Nate Guenin is hit by Greg Mauldin and loses puck.
19:15 of 2nd period - Snap shot by Milan Bartovic.
19:15 of 2nd period - Stopped by Jussi Markkanen with a rebound.
19:24 of 2nd period - Off-side.
19:25 of 2nd period - Petr Kalus wins face-off versus Tyler Haskins in neutral zone.
19:39 of 2nd period - Backhand shot by Pavel Trnka.
19:39 of 2nd period - Shot Blocked by Nate Guenin.
19:41 of 2nd period - Slapshot by Pavel Trnka.
19:41 of 2nd period - Stopped by Julien Ellis without a rebound.
19:42 of 2nd period - Mike Zigomanis wins face-off versus Mike Brown in Wolves zone.
19:42 of 2nd period - Mike Zigomanis is hit by Pavel Trnka.
3rd period
0:01 of 3rd period - Mike Zigomanis wins face-off versus Radek Bonk in neutral zone.
0:26 of 3rd period - Philippe Boucher is hit by Greg Mauldin.
0:30 of 3rd period - Pierre Dagenais is hit by Cody McLeod and loses puck.
0:37 of 3rd period - Snap shot by Chris Neil.
0:37 of 3rd period - Stopped by Jussi Markkanen with a rebound.
0:39 of 3rd period - Slapshot by Matt Gilroy.
0:39 of 3rd period - Deflect By Jonathan Sigalet.
0:39 of 3rd period - Stopped by Jussi Markkanen with a rebound.
1:33 of 3rd period - Philippe Boucher is hit by Nathan Oystrick and loses puck.
1:50 of 3rd period - Slapshot by Chris Neil.
1:50 of 3rd period - Shot Misses the Net.
1:58 of 3rd period - Jan Mursak is hit by Marc Methot and loses puck.
2:22 of 3rd period - Slapshot by Tyler Haskins.
2:22 of 3rd period - Shot Misses the Net.
2:51 of 3rd period - Minor Penalty to Nate Guenin for Roughing.
2:52 of 3rd period - Chris Neil wins face-off versus Radek Bonk in Wolves zone.
3:24 of 3rd period - Wrist shot by Jani Rita.
3:24 of 3rd period - Shot Misses the Net.
3:26 of 3rd period - Snap shot by Nathan Oystrick.
3:26 of 3rd period - Goal by Nathan Oystrick - Tamiflu : 4 - Wolves : 4.
3:27 of 3rd period - Mike Zigomanis wins face-off versus Radek Bonk in neutral zone.
3:49 of 3rd period - Minor Penalty to Pavel Trnka for Roughing.
3:50 of 3rd period - Mike Zigomanis wins face-off versus Radek Bonk in Tamiflu zone.
3:57 of 3rd period - Backhand shot by Geoff Sanderson.
3:57 of 3rd period - Stopped by Jussi Markkanen with a rebound.
3:59 of 3rd period - Wrist shot by Alexander Perezhogin.
3:59 of 3rd period - Deflect By Mike Zigomanis.
3:59 of 3rd period - Goal by Mike Zigomanis - Tamiflu : 4 - Wolves : 5.
4:00 of 3rd period - Radek Bonk wins face-off versus Mike Zigomanis in neutral zone.
4:07 of 3rd period - Wrist shot by Alex Picard.
4:07 of 3rd period - Shot Blocked by Marc Methot.
4:15 of 3rd period - Slapshot by Mike Brown.
4:15 of 3rd period - Stopped by Julien Ellis without a rebound.
4:16 of 3rd period - Kevin Veilleux wins face-off versus Nate Thompson in Wolves zone.
4:23 of 3rd period - Wrist shot by Petr Pohl.
4:23 of 3rd period - Shot Misses the Net.
4:27 of 3rd period - Snap shot by Jani Rita.
4:27 of 3rd period - Shot Misses the Net.
4:29 of 3rd period - Snap shot by Jani Rita.
4:29 of 3rd period - Shot Misses the Net.
4:31 of 3rd period - Wrist shot by Nate Thompson.
4:31 of 3rd period - Stopped by Julien Ellis with a rebound.
4:41 of 3rd period - Pavel Trnka is hit by Mike Zigomanis.
5:32 of 3rd period - Wrist shot by Radek Bonk.
5:32 of 3rd period - Stopped by Julien Ellis without a rebound.
5:33 of 3rd period - Kevin Veilleux wins face-off versus Nate Thompson in Wolves zone.
5:33 of 3rd period - Kevin Veilleux is hit by Jani Rita.
6:16 of 3rd period - Jonathan Sigalet is hit by Mike Sislo.
6:20 of 3rd period - Pavel Trnka is hit by Bruno Gervais and loses puck.
7:06 of 3rd period - Wrist shot by Mike Zigomanis.
7:06 of 3rd period - Shot Misses the Net.
7:28 of 3rd period - Bruno Gervais is hit by Kyle Lawson and loses puck.
8:44 of 3rd period - David Clarkson is hit by Petr Kalus.
8:59 of 3rd period - Justin Braun is hit by Dan Fritsche and loses puck.
9:21 of 3rd period - Justin Braun is hit by Philippe Boucher and loses puck.
10:01 of 3rd period - Milan Bartovic is hit by Tyler Haskins and loses puck.
10:43 of 3rd period - Radek Bonk is hit by Mike Sislo and loses puck.
11:22 of 3rd period - Justin Braun is hit by Jason King and loses puck.
12:36 of 3rd period - Mike Zigomanis is hit by Kyle Lawson and loses puck.
12:57 of 3rd period - Minor Penalty to Justin Braun for Holding.
12:58 of 3rd period - Radek Bonk wins face-off versus Mike Zigomanis in Tamiflu zone.
13:09 of 3rd period - Wrist shot by Geoff Sanderson.
13:09 of 3rd period - Stopped by Jussi Markkanen without a rebound.
13:10 of 3rd period - Radek Bonk wins face-off versus Mike Zigomanis in Tamiflu zone.
13:19 of 3rd period - Radek Bonk is hit by Alexander Perezhogin and loses puck.
13:39 of 3rd period - Icing by Chris Neil.
13:40 of 3rd period - Chris Neil wins face-off versus Radek Bonk in Wolves zone.
13:42 of 3rd period - Icing by Cody McLeod.
13:43 of 3rd period - Radek Bonk wins face-off versus Dan Fritsche in Wolves zone.
13:44 of 3rd period - Wrist shot by Alex Picard.
13:44 of 3rd period - Stopped by Julien Ellis with a rebound.
13:46 of 3rd period - Slapshot by Radek Bonk.
13:46 of 3rd period - Stopped by Julien Ellis without a rebound.
13:47 of 3rd period - Radek Bonk wins face-off versus Mike Zigomanis in Wolves zone.
14:02 of 3rd period - Snap shot by Mike Zigomanis.
14:02 of 3rd period - Goal by Mike Zigomanis - Tamiflu : 4 - Wolves : 6.
14:03 of 3rd period - Mike Zigomanis wins face-off versus Radek Bonk in neutral zone.
14:13 of 3rd period - Minor Penalty to Alexander Perezhogin for Holding.
14:14 of 3rd period - Chris Neil wins face-off versus Radek Bonk in Wolves zone.
14:43 of 3rd period - Snap shot by Petr Pohl.
14:43 of 3rd period - Shot Misses the Net.
15:46 of 3rd period - Cody McLeod is hit by Nate Thompson and loses puck.
16:13 of 3rd period - Penalty to Alexander Perezhogin is over, Alexander Perezhogin is back on ice.
16:21 of 3rd period - Wrist shot by David Clarkson.
16:21 of 3rd period - Stopped by Julien Ellis without a rebound.
16:22 of 3rd period - Mike Zigomanis wins face-off versus Tyler Haskins in Wolves zone.
16:47 of 3rd period - Snap shot by Pierre Dagenais.
16:47 of 3rd period - Stopped by Julien Ellis with a rebound.
16:51 of 3rd period - Wrist shot by Greg Mauldin.
16:51 of 3rd period - Shot Misses the Net.
16:55 of 3rd period - Slapshot by Pierre Dagenais.
16:55 of 3rd period - Stopped by Julien Ellis with a rebound.
16:57 of 3rd period - Wrist shot by Greg Mauldin.
16:57 of 3rd period - Shot Misses the Net.
17:14 of 3rd period - Wrist shot by Jason King.
17:14 of 3rd period - Shot Misses the Net.
17:16 of 3rd period - Wrist shot by Mike Sislo.
17:16 of 3rd period - Stopped by Jussi Markkanen with a rebound.
17:31 of 3rd period - Icing by Nate Thompson.
17:32 of 3rd period - Nate Thompson wins face-off versus Dan Fritsche in Tamiflu zone.
17:39 of 3rd period - Slapshot by Nathan Oystrick.
17:39 of 3rd period - Shot Blocked by Nate Guenin.
17:53 of 3rd period - Snap shot by Ethan Moreau.
17:53 of 3rd period - Shot Blocked by Jordan Hendry.
18:03 of 3rd period - Wrist shot by Ethan Moreau.
18:03 of 3rd period - Stopped by Jussi Markkanen with a rebound.
18:05 of 3rd period - Slapshot by Matt Gilroy.
18:05 of 3rd period - Shot Hit the Post.
18:29 of 3rd period - Slapshot by Jani Rita.
18:29 of 3rd period - Stopped by Julien Ellis without a rebound.
18:30 of 3rd period - Pierre Dagenais wins face-off versus Mike Zigomanis in Wolves zone.
18:35 of 3rd period - Snap shot by Nick Spaling.
18:35 of 3rd period - Stopped by Julien Ellis with a rebound.
18:41 of 3rd period - Wrist shot by Pierre Dagenais.
18:41 of 3rd period - Shot Blocked by Geoff Sanderson.
18:43 of 3rd period - Slapshot by Pavel Trnka.
18:43 of 3rd period - Stopped by Julien Ellis with a rebound.
18:45 of 3rd period - Wrist shot by Pierre Dagenais.
18:45 of 3rd period - Stopped by Julien Ellis with a rebound.
19:05 of 3rd period - Radek Bonk is hit by Marc Methot and loses puck.
19:36 of 3rd period - Bruno Gervais is hit by Pierre Dagenais and loses puck.
Output by the SimonT Hockey Simulator (STHS) for François Prévost -- Original Page W3C XHTML 1.0 Valid